 Dungeon Crawl Stone Soup version 0.18.1-5-g4a78601 (webtiles) character file.

519 imganon the Chopper (level 7, -6/52 HPs)
             Began as a Demonspawn Berserker on May 13, 2016.
             Was a Priest of Trog.
             Mangled by an ogre
             ... wielding a +0 giant club
              (14 damage)
             ... on level 4 of the Dungeon.
             The game lasted 00:08:11 (3238 turns).

imganon the Chopper (Demonspawn Berserker)          Turns: 3238, Time: 00:08:12

Health: -6/52      AC:  9    Str: 20    XL:     7   Next: 1%
Magic:  7/7        EV:  8    Int:  8    God:    Trog [***...]
Gold:   250        SH:  0    Dex: 12    Spells: 0 memorised, 6 levels left

rFire  + . .     SeeInvis .     s - -2 war axe (curse)
rCold  . . .     Gourm    .     q - -2 plate armour (curse)
rNeg   . . .     Faith    .     (no shield)
rPois  .         Spirit   .     j - +0 helmet
rElec  .         Dismiss  .     (no cloak)
rCorr  .         Reflect  .     (no gloves)
SustAt .         Harm     .     (no boots)
MR     ++...                    (no amulet)
Stlth  ..........               (no ring)
                                (no ring)

@: exhausted, regenerating, very resistant to hostile enchantments, extremely
unstealthy
A: repulsion field 1, fire resistance 1, powered by death 2, flame cloud
immunity
a: Berserk, Trog's Hand, Burn Spellbooks, Renounce Religion


You were on level 4 of the Dungeon.
You worshipped Trog.
Trog was most pleased with you.
You were not hungry.

You visited 1 branch of the dungeon, and saw 4 of its levels.

You collected 250 gold pieces.

Inventory:

Hand Weapons
 s - a cursed -2 war axe (weapon)
Armour
 j - a +0 helmet (worn)
 q - a cursed -2 plate armour (worn)
Jewellery
 r - an uncursed amulet of dismissal
Scrolls
 a - a scroll of enchant weapon {unknown}
 b - a scroll of fog {unknown}
 f - 3 scrolls of identify
 k - a scroll of noise {unknown}
 n - 2 scrolls of teleportation
Potions
 d - a potion of lignification {unknown}
 e - a potion of agility {unknown}
 g - a potion of curing {unknown}
 h - a potion of ambrosia {unknown}
 l - 3 potions of brilliance {unknown}
 m - a potion of might {unknown}
 p - a potion of flight {unknown}
Comestibles
 c - 5 bread rations
 i - 5 chunks of flesh
 o - a beef jerky


   Skills:
 - Level 3.0 Fighting
 + Level 7.3 Axes
 - Level 1.7 Armour
 - Level 1.7 Dodging


You had 6 spell levels left.
You didn't know any spells.

Dungeon Overview and Level Annotations

Branches:
Dungeon (4/15)
 Temple: D:4-7

Altars:
Okawaru
Vehumet


Innate Abilities, Weirdness & Mutations

You are surrounded by a mild repulsion field (EV +2).
Your flesh is heat resistant.
You regenerate health from kills.
You are immune to clouds of flame.


Message History

* * * LOW HITPOINT WARNING * * *
You are too injured to fight recklessly!
You are too injured to fight recklessly!
You are too injured to fight recklessly!
Unknown command.
Read which item? (? for menu, Esc to quit)
Okay, then.
Okay, then.
Your skin crawls.
You feel resistant to hostile enchantments.
You feel slightly more hungry.
You feel yourself speed up. The ogre hits you with a giant club!
* * * LOW HITPOINT WARNING * * *
The ogre hits you but does no damage.
Unknown command.
The ogre hits you with a giant club.
* * * LOW HITPOINT WARNING * * *
The ogre hits you with a giant club!
You die...

############
#....).....#
#..........#
#..........#
#..@.......####
#.O...........####
#..........##....###
#..........###......
#...................
#.......>..#........
############........
#......[. #........


You could see an ogre.

Vanquished Creatures
  An ice beast (D:4)
  An orc priest (D:4)
  Ijyb (D:3)
  Natasha (thrice) (D:4)
  3 orc wizards
  A worker ant (D:4)
  A hound zombie (D:3)
  A hound skeleton (D:4)
  3 gnolls (D:3)
  3 adders
  An ooze (D:4)
  An adder skeleton (D:4)
  A worm (D:3)
  3 dart slugs
  4 giant geckos
  11 orcs
  6 giant cockroaches
  9 hobgoblins
  7 jackals
  2 ball pythons
  9 bats
  A giant newt (D:2)
  6 goblins
  2 kobolds (D:2)
  9 rats
90 creatures vanquished.

Notes
Turn   | Place    | Note
--------------------------------------------------------------
     0 | D:1      | imganon the Demonspawn Berserker began the quest for the Orb.
     0 | D:1      | Reached XP level 1. HP: 18/18 MP: 1/1
   144 | D:1      | Reached skill level 3 in Axes
   151 | D:1      | HP: 1/27 [jackal (1)]
   152 | D:1      | Gained mutation: You regenerate a little health from kills. [demonic ancestry]
   152 | D:1      | Reached XP level 2. HP: 1/24 MP: 2/2
   565 | D:1      | Reached ** piety under Trog
   727 | D:1      | Reached XP level 3. HP: 21/29 MP: 3/3
  1049 | D:2      | Reached skill level 4 in Axes
  1529 | D:2      | Found a radiant altar of Vehumet.
  1889 | D:3      | Gained mutation: Your flesh is heat resistant. [demonic ancestry]
  1889 | D:3      | Reached XP level 4. HP: 33/35 MP: 4/4
  1987 | D:3      | Noticed Ijyb
  2006 | D:3      | Killed Ijyb
  2009 | D:3      | Found an iron altar of Okawaru.
  2052 | D:3      | Reached skill level 5 in Axes
  2060 | D:3      | Reached *** piety under Trog
  2060 | D:3      | Gained mutation: You regenerate health from kills. [demonic ancestry]
  2060 | D:3      | Reached XP level 5. HP: 41/41 MP: 5/5
  2788 | D:4      | Reached skill level 6 in Axes
  2809 | D:4      | Gained mutation: You are surrounded by a mild repulsion field (EV +2). [demonic ancestry]
  2809 | D:4      | Reached XP level 6. HP: 47/47 MP: 6/6
  3083 | D:4      | Noticed Natasha
  3096 | D:4      | Killed Natasha
  3104 | D:4      | Noticed Natasha
  3117 | D:4      | Killed Natasha
  3184 | D:4      | Noticed Natasha
  3189 | D:4      | Killed Natasha
  3193 | D:4      | Noticed an ice beast
  3200 | D:4      | Killed an ice beast
  3200 | D:4      | Reached skill level 7 in Axes
  3200 | D:4      | Gained mutation: You are immune to clouds of flame. [demonic ancestry]
  3200 | D:4      | Reached XP level 7. HP: 52/52 MP: 7/7
  3238 | D:4      | Mangled by an ogre

Skill      XL: |  1  2  3  4  5  6 |
---------------+-------------------+-----
Axes           | 3 4 5 6 7 |  7.3
Fighting       | |  3.0
Armour         | |  1.7
Dodging        | |  1.7

Action                   |  1- 3 |  4- 6 |  7- 9 || total
-------------------------+-------+-------+-------++-------
Melee: Hand axe          |   165 |   167 |       ||   332
       War axe           |       |    47 |     1 ||    48
Invok: Berserk           |     1 |     3 |       ||     4
       Trog's Hand       |       |       |     1 ||     1
  Use: Scroll            |       |     5 |       ||     5
 Stab: Sleeping          |     1 |       |       ||     1
  Eat: Chunk             |     4 |     7 |     1 ||    12
Armor: Animal skin       |    18 |       |       ||    18
       Scale mail        |    28 |    48 |       ||    76
       Leather armour    |     5 |       |       ||     5
       Plate armour      |       |    89 |       ||    89
Dodge: Dodged            |   129 |   106 |       ||   235
